 Dungeon Crawl Stone Soup version 0.25-a0-597-gb30770a0c0 (webtiles) character file.

Game seed: 16706727447314164547, levelgen mode: deterministic

404 Glundar the Covered (level 6, -9/47 HPs)
             Began as a Demonspawn Fighter on Mar 15, 2020.
             Killed by divine providence
             ... invoked by an orc priest
              (14 damage)
             ... on level 5 of the Dungeon.
             The game lasted 00:25:29 (4992 turns).

Glundar the Covered (Demonspawn Fighter)            Turns: 4992, Time: 00:25:29

Health: -9/47      AC: 12    Str: 19    XL:     6   Next: 56%
Magic:  6/6        EV:  3    Int:  9    God:
Gold:   225        SH: 15    Dex: 12    Spells: 5/5 levels left

rFire    . . .     SeeInvis .   a - +2 spear (freeze)
rCold    . . .     Gourm    .   c - +0 kite shield
rNeg     . . .     Faith    .   h - +0 plate armour
rPois    .         Spirit   .   (no helmet)
rElec    .         Reflect  .   (no cloak)
rCorr    .         Harm     .   (no gloves)
MR       .....                  y - +0 pair of boots
Stlth    ..........             (no amulet)
HPRegen  0.15/turn              (no ring)
MPRegen  0.10/turn              (no ring)

@: drained
A: large bone plates 2
a: no special abilities


You were on level 5 of the Dungeon.
You were not hungry.

You visited 2 branches of the dungeon, and saw 6 of its levels.

You collected 225 gold pieces.

Inventory:

Hand Weapons
 a - a +2 spear of freezing (weapon)
 b - a +0 hunting sling
 x - a +0 war axe
 A - a +0 whip of electrocution
Missiles
 e - 96 sling bullets
 g - 218 stones (quivered)
Armour
 c - a +0 kite shield (worn)
 h - a +0 plate armour (worn)
 y - a +0 pair of boots (worn)
Jewellery
 v - an uncursed amulet of the gourmand {unknown}
 B - an uncursed amulet of the gourmand {unknown}
Wands
 C - a wand of random effects (20)
Scrolls
 i - a scroll of enchant weapon {unknown}
 k - a scroll of random uselessness {unknown}
 l - 6 scrolls of identify {unknown}
 o - 3 scrolls of magic mapping {unknown}
 p - a scroll of fear {unknown}
 t - a scroll of amnesia {unknown}
 u - a scroll of enchant armour {unknown}
Potions
 d - 3 potions of might
 j - a potion of heal wounds {unknown}
 m - a potion of ambrosia {unknown}
 n - 2 potions of flight {unknown}
 q - a potion of berserk rage {unknown}
 r - a potion of haste {unknown}
 s - a potion of resistance {unknown}
 w - a potion of curing {unknown}
 z - a potion of stabbing {unknown}
 D - a potion of degeneration {unknown}
Comestibles
 f - 9 rations


   Skills:
 - Level 3.0(2.2) Fighting
 - Level 2.5(2.2) Axes
 + Level 2.1(2.0) Polearms
 + Level 2.6(1.9) Slings
 + Level 4.1(3.3) Armour
 + Level 4.1(3.3) Shields


You had 5 spell levels left.
You didn't know any spells.
Your spell library contained the following spells:

 Spells                   Type           Power        Failure   Level  Hunger
 Shock                    Conj/Air       #...         100%        1    ##.....
 Swiftness                Chrm/Air       #.......     100%        2    ###....
 Static Discharge         Conj/Air       #.......     100%        3    ####...
 Airstrike                Air            #.........   100%        4    #####..
 Lightning Bolt           Conj/Air       #.........   100%        5    ######.


Dungeon Overview and Level Annotations

Branches:
Dungeon (5/15)             Temple (1/1) D:5

Altars:
Ashenzari
Cheibriados
Dithmenos
Elyvilon
Fedhas
Gozag
Hepliaklqana
Makhleb
Nemelex Xobeh
Okawaru
Ru
Trog
Uskayaw
Wu Jian
Yredelemnul
The Shining One

Annotations:
D:4 2 transporters


Innate Abilities, Weirdness & Mutations

You are mostly covered in large bone plates. (SH +6)


Message History

You closely miss the orc.
An orc comes into view. It is wielding a +0 whip.
The orc priest calls down the wrath of Beogh upon you.
Beogh smites you! The orc hits you but does no damage.
You hit the orc. You freeze the orc.
The orc is severely wounded.
The orc hits you but does no damage.
The orc wizard mumbles some strange words.
The orc wizard blinks!
The orc wizard mumbles some strange words.
The orc wizard blinks!
You block the orc's attack.
The orc priest calls down the wrath of Beogh upon you.
Beogh smites you!
The orc priest invokes the aid of Beogh against you.
Beogh smites you!
* * * LOW HITPOINT WARNING * * *
The orc priest mumbles some strange prayers to Beogh against you.
Beogh smites you!
You die...

#................................
#.###............###..#...<......
#.# #............###.....##.#....
..######...........#.#.#....#....
.>...................#.###.......
..######............##...###.....
..##############.#..#........#...
...........# #...##..>).##.....
..........(# #@#........#..#...
.<.........#####o..###...##..#...
...........#......o..###.#...#...
#..........#.......o..^#.#.....##
#..........#.....................
#..........#......#.....#........
...........#......#o..o........#.
...........#......#.o.o........#.
...........#......#..............


You could see an orc priest, an orc wizard and 5 orcs.

Vanquished Creatures
  Edmund (D:4)
  A phantom (D:5)
  A scorpion (D:4)
  A bullfrog skeleton (D:5)
  A hound zombie (D:5)
  A hound skeleton (D:4)
  Robin (D:3)
  2 adders
  2 worms
  A dart slug (D:3)
  5 leopard geckos
  5 orcs
  2 giant cockroaches (D:1)
  13 goblins
  4 hobgoblins
  2 jackals (D:1)
  6 kobolds
  2 quokkas
  A ball python skeleton (D:4)
  2 bats
  3 frilled lizards
  A jackal skeleton (D:4)
  A quokka skeleton (D:4)
  5 rats
64 creatures vanquished.

Notes
Turn   | Place    | Note
-------+----------+-------------------------------------------
     0 | D:1      | Glundar the Demonspawn Fighter began the quest for the Orb.
     0 | D:1      | Reached XP level 1. HP: 18/18 MP: 1/1
   267 | D:1      | Gained mutation: You are partially covered in large bone
                  | plates. (SH +4) [demonic ancestry]
   267 | D:1      | Reached XP level 2. HP: 22/24 MP: 2/2
  1298 | D:2      | Reached XP level 3. HP: 29/29 MP: 3/3
  2042 | D:3      | Found a glowing golden altar of the Shining One.
  2044 | D:3      | Noticed an angel
  2053 | D:3      | Found a basalt altar of Yredelemnul.
  2276 | D:3      | Noticed Robin
  2348 | D:3      | Reached skill level 1 in Slings
  2948 | D:3      | Killed Robin
  2948 | D:3      | Reached XP level 4. HP: 35/35 MP: 4/4
  3177 | D:4      | Found a blossoming altar of Fedhas.
  3177 | D:4      | Found an ornate altar of the Wu Jian Council.
  3282 | D:4      | Found a transporter.
  3284 | D:4      | Noticed a sky beast
  3285 | D:4      | Found an opulent altar of Gozag.
  3287 | D:4      | Noticed a slime creature
  3290 | D:4      | Noticed a sky beast
  3389 | D:4      | Gained mutation: You are mostly covered in large bone
                  | plates. (SH +6) [demonic ancestry]
  3389 | D:4      | Reached XP level 5. HP: 27/41 MP: 5/5
  3501 | D:4      | Noticed Edmund
  3528 | D:4      | Killed Edmund
  3528 | D:4      | Reached skill level 1 in Polearms
  3708 | D:4      | Found a hide-covered altar of Uskayaw.
  3949 | D:4      | Found a transporter.
  4114 | D:4      | Reached XP level 6. HP: 47/47 MP: 6/6
  4255 | D:5      | Entered Level 5 of the Dungeon
  4623 | D:5      | Found a staircase to the Ecumenical Temple.
  4651 | Temple   | Entered the Ecumenical Temple
  4992 | D:5      | Killed from afar by an orc priest

Levels and vault maps discovered:
D:1:      nzn_arrival_settlement, layout_loops_corners
D:2:      layout_loops_ring, first_ration
D:3:      layout_loops_ring, grunt_temple_overflow_holy_war, serial_rivers,
          chequers_serial_rivers_large_a, chequers_serial_rivers_micro_e,
          chequers_serial_rivers_room_b, chequers_serial_rivers_small_a,
          due_unseen_surprise, uniq_robin
D:4:      layout_basic, gammafunk_temple_overflow_arena,
          chequers_temple_overflow_statue_of_worship,
          hangedman_abyss_or_decor_slice, uniq_edmund
D:5:      layout_basic, minmay_temple_entry_slanted
Temple:   cyrus_temple_forest

Skill      XL: |  1  2  3  4  5  6 |
---------------+-------------------+-----
Axes           | 2 |  2.5
Armour         | 3 4 |  4.1
Shields        | 3 4 |  4.1
Slings         | 1 2 |  2.6
Polearms       | 1 2 |  2.1
Fighting       | |  3.0

Action                   |  1- 3 |  4- 6 || total
-------------------------+-------+-------++-------
Melee: War axe           |   191 |       ||   191
       Spear             |       |   132 ||   132
 Fire: Hunting sling     |    45 |    17 ||    62
  Eat: Chunk             |     6 |     7 ||    13
Armor: Plate armour      |   106 |    38 ||   144
Dodge: Dodged            |    15 |     4 ||    19
Block: Kite shield       |   135 |    76 ||   211

Table legend:
 A = Non-vault XP
 B = Vault XP
 C = Vault XP percentage of total XP
 D = Non-vault monster count
 E = Vault monster count
 F = Vault count percentage of total count
                 A         B        C        D         E       F
            +---------+---------+-------+---------+---------+-------
      Total |     392 |     186 |  32.2 |      50 |      14 |  21.9
            +---------+---------+-------+---------+---------+-------
        D:1 |      20 |       0 |   0.0 |      12 |       0 |   0.0
        D:2 |      27 |       0 |   0.0 |       9 |       0 |   0.0
        D:3 |      23 |      37 |  61.7 |      11 |      13 |  54.2
        D:4 |     126 |     149 |  54.2 |      12 |       1 |   7.7
        D:5 |     196 |       0 |   0.0 |       6 |       0 |   0.0
            +---------+---------+-------+---------+---------+-------
